Map: Lerilak Crest

Players

Javert - Winner!

  • Race: Zerg Zerg
  • League: Silver

Curiosity

  • Race: Terran Terran
  • League: Silver

VOD

Have the link to the VOD?

Description

Time

  • Played on: July 20, 2015, 4:36 p.m.
  • Length: 12:37
Show
View Real Time Build Order
Export as new Build Order

Javert Zerg - Winner!

Build Orders: Hatch First 

Get SALT Encoding   

  12  0:01  Drone  
  13  0:13  Overlord  
  13  0:20  Drone  
  14  0:31  Drone  
  14  0:32  Drone  
  16  0:35  Drone  
  17  0:54  Hatchery  
  16  0:57  Drone  
  16  0:59  Extractor  
  16  1:02  Drone  
  17  1:08  Drone  
  18  1:20  Spawning Pool  
  18  1:23  Drone  
  18  1:29  Drone  
  19  1:40  Drone  
  20  1:51  Overlord  
  20  2:03  Drone  
  20  2:07  Metabolic Boost, Queen  
  23  2:10  Queen  
  25  2:18  Drone x3  
  28  2:31  Drone x2  
  28  2:34  Drone  
  31  2:42  Overlord  
  31  2:49  Drone x2  
  33  2:53  Queen  
  33  2:56  Overlord  
  35  3:03  Zergling x2  
  36  3:07  Zergling x2  
  37  3:13  Zergling x2  
  38  3:21  Zergling x16  
  46  3:29  Drone x2  
  48  3:41  Overlord x2  
  47  4:02  Drone  
  47  4:03  Drone x9  
  55  4:15  Overlord x2  
  55  4:17  Extractor  
  55  4:18  Lair  
  55  4:19  Extractor x2  
  52  4:25  Drone  
  52  4:26  Drone  
  52  4:31  Drone  
  54  4:35  Overlord  
  54  4:41  Spore Crawler  
  50  4:48  Drone x6  
  53  5:00  Drone x5  
  53  5:01  Evolution Chamber  
  53  5:02  Evolution Chamber  
  53  5:06  Hatchery  
  54  5:12  Overlord x2  
  54  5:13  Drone  
  55  5:19  Hydralisk Den  
  54  5:29  Zerg Missile Weapons Level 1, Zerg Ground Armor Level 1  
  54  5:33  Overlord  
  54  5:34  Overlord  
  54  5:36  Drone x8  
  62  5:46  Overlord  
  62  5:48  Extractor  
  61  5:53  Extractor, Muscular Augments  
  60  6:01  Hydralisk x3  
  49  6:33  Hydralisk x4  
  49  6:34  Hydralisk x2  
  52  7:02  Hydralisk  
  52  7:03  Hydralisk x9  
  64  7:25  Queen  
  64  7:26  Queen  
  68  7:49  Hydralisk x5  
  68  8:02  Zergling x12  
  74  8:08  Overseer  
  74  8:18  Hydralisk  
  74  8:19  Hydralisk  
  76  8:30  Zergling x10  
  61  8:49  Zergling x12  
  61  8:50  Zergling x10  
  61  8:53  Drone  
  65  8:57  Drone  
  65  9:02  Drone x2  
  60  9:28  Drone x10  
  60  9:29  Drone x4  
  66  9:39  Burrow  
  66  9:40  Drone  
  66  9:41  Drone x2  
  68  9:56  Drone x4  
  71  10:13  Roach Warren, Zerg Ground Armor Level 2, Zerg Missile Weapons Level 2  
  68  10:21  Hydralisk  
  68  10:22  Hydralisk x4  
  68  10:28  Lurker Den, Hydralisk x3  
  84  10:36  Hydralisk x3  
  90  10:46  Spore Crawler  
  89  10:50  Spine Crawler  
  88  11:02  Zergling x16  
  88  11:03  Zergling x10  
  101  11:09  Spore Crawler  
  78  11:32  Hydralisk x6  
  70  11:33  Hydralisk x2  
  70  11:36  Queen  
  88  11:50  Queen x2  
  89  12:12  Zergling x10  
  89  12:13  Zergling x8  
  93  12:30  Infestation Pit  
Show
View Real Time Build Order
Export as new Build Order

Curiosity Terran 

Build Orders: Liberator Opening 

Get SALT Encoding   

  12  0:01  SCV  
  13  0:17  SCV  
  13  0:18  Supply Depot  
  14  0:29  SCV  
  15  0:42  SCV  
  16  0:47  Barracks  
  16  0:52  Refinery  
  16  0:55  Refinery  
  16  0:57  SCV  
  17  1:09  SCV  
  18  1:21  SCV  
  19  1:33  SCV  
  19  1:38  Supply Depot  
  20  1:47  Factory  
  20  1:54  Barracks Reactor  
  20  1:59  Orbital Command  
  19  2:26  SCV  
  20  2:31  Armory  
  20  2:35  Factory Reactor  
  20  2:36  Starport  
  20  2:38  SCV  
  21  2:50  Barracks Reactor, Hellion x2  
  25  2:54  SCV  
  26  3:02  Supply Depot  
  26  3:06  SCV  
  27  3:18  SCV  
  28  3:21  Hellion  
  28  3:24  Hellion  
  32  3:32  Liberator  
  32  3:40  Supply Depot  
  38  3:56  Liberator  
  36  4:04  Hellion x2  
  34  4:25  Supply Depot  
  31  4:33  Hellion  
  21  5:01  Hellion x2  
  21  5:03  Supply Depot  
  23  5:07  Supply Depot  
  23  5:18  SCV  
  24  5:23  Hellion x2  
  28  5:30  SCV  
  29  5:39  Starport Reactor  
  29  5:44  Hellion x2  
  29  5:49  SCV  
  34  5:52  Supply Depot  
  34  6:01  SCV  
  35  6:05  Hellion  
  35  6:06  Hellion  
  39  6:13  SCV  
  40  6:19  Liberator x2  
  44  6:49  Hellion x2  
  46  7:02  Liberator x2  
  34  7:16  Hellion x2  
  34  7:20  SCV  
  37  7:37  Hellion  
  39  7:45  Liberator  
  39  7:46  Liberator  
  35  8:07  Command Center  
  35  8:19  Hellion x2  
  34  8:37  Liberator x2  
  34  8:41  Hellion x2  
  38  9:02  Hellion x2  
  42  9:04  SCV  
  43  9:12  Supply Depot  
  43  9:23  Hellion x2  
  32  9:49  Hellion  
  32  9:50  Hellion  
  35  10:21  Supply Depot  
  35  10:38  Hellion  
  39  10:50  Hellion  
  21  11:31  Hellion  
  21  11:32  Hellion  
  18  11:41  Supply Depot  
Tags
 
Add a new tag
Caveats
  • Supply blocks, unpowered buildings, or Contaminate may cause inaccurate times.
  • Supply counts are checked every 10 seconds.